 Dungeon Crawl Stone Soup version 0.28-a0-535-g6f645e4c1d (webtiles) character file.

Game seed: 13503506283653840521

78 bande the Skirmisher (level 4, 0/29 HPs)
             Began as a Gargoyle Fighter on Sept 27, 2021.
             Slain by an orc priest (2 damage)
             ... on level 3 of the Dungeon.
             The game lasted 00:03:08 (2530 turns).

bande the Skirmisher (Gargoyle Fighter)             Turns: 2530, Time: 00:03:08

Health: 0/29       AC: 11    Str: 23    XL:     4   Next: 36%
Magic:  4/4        EV:  9    Int:  8    God:
Gold:   121        SH:  5    Dex:  9    Spells: 3/3 levels left

rFire   . . .      SeeInvis +   a - +0 war axe
rCold   . . .      Faith    .   c - +1 buckler
rNeg    + . .      Spirit   .   b - +0 scale mail
rPois   ∞          Reflect  .   (no helmet)
rElec   +          Harm     .   (no cloak)
rCorr   .          Rampage  .   (no gloves)
Will    .....                   h - +0 pair of boots
Stlth   ..........              (no amulet)
HPRegen 0.09/turn               e - ring of see invisible
MPRegen 0.09/turn               (no ring)

@: no status effects
A: sickness immunity, AC +3, negative energy resistance 1, electricity
resistance, torment resistance 1, petrification resistance, high mp 1, strong 1
a: no special abilities


You were on level 3 of the Dungeon.
You visited 1 branch of the dungeon, and saw 3 of its levels.

You collected 121 gold pieces.

Inventory:

Hand Weapons
 a - a +0 war axe (weapon)
Armour
 b - a +0 scale mail (worn)
 c - a +1 buckler (worn)
 h - a +0 pair of boots (worn)
Jewellery
 e - a ring of see invisible (left hand)
Scrolls
 f - 3 scrolls of enchant armour
 i - a scroll of identify
Potions
 d - a potion of might
 g - 3 potions of curing {unknown}


   Skills:
 + Level 3.8 Fighting
 + Level 3.0 Axes
 + Level 3.7 Armour
 - Level 0.3 Dodging
 + Level 3.6 Shields


You had 3 spell levels left.
You didn't know any spells.
Your spell library was empty.

Dungeon Overview and Level Annotations

Branches:
Dungeon (3/15)

Altars:
Uskayaw


Innate Abilities, Weirdness & Mutations

You are immune to sickness and miasma.
Your stone body is resilient. (AC +3)
You are immune to poison.
You resist negative energy. (rN+)
You are resistant to electric shocks. (rElec)
You are resistant to unholy torment.
You are immune to petrification.
You have an increased reservoir of magic. (+10% MP)
Your muscles are strong. (Str +2)


Message History

You slash the orc!
You kill the orc!
You slash the orc!
You kill the orc!
The orc priest hits you with a +0 whip. The orc barely misses you.
Items here: )) ? [ †.
You barely miss the orc priest. You hit the orc.
The orc priest hits you with a +0 whip. The orc hits you but does no damage.
The orc priest closely misses you.
You hit the orc.
You kill the orc!
You hit the orc priest. You slash the frilled lizard!
You kill the frilled lizard!
The orc priest mumbles some strange prayers to Beogh against you.
Beogh smites you!
You are too injured to fight recklessly!
You are too injured to fight recklessly!
You are too injured to fight recklessly!
You are too injured to fight recklessly!
You are too injured to fight recklessly!
You are too injured to fight recklessly!
You are too injured to fight recklessly!
You are too injured to fight recklessly!
Unknown command.
You hit the orc priest.
The orc priest is severely wounded.
The orc priest closely misses you.
You closely miss the orc priest.
The orc priest is severely wounded.
The orc priest calls down the wrath of Beogh upon you.
Beogh smites you!
* * * LOW HITPOINT WARNING * * *
The orc priest hits you but does no damage.
You hit the orc priest but do no damage.
The orc priest is severely wounded.
You block the orc priest's attack.
You closely miss the orc priest.
The orc priest is severely wounded.
The orc priest hits you with a +0 whip.
You die...

#.......#
#.####..# #
#..# #.####..#
.....#..#######
...............
..##.#...######
..##......#
.......@)##
.###...o)#
####..# ...#
#'## ... ...
...


You could see an orc priest.

Vanquished Creatures
  An adder (D:2)
  An adder skeleton (D:2)
  2 worms (D:2)
  4 orcs (D:3)
  11 ball pythons
  3 endoplasms
  2 giant cockroaches (D:1)
  2 goblins
  3 hobgoblins
  8 jackals
  A quokka (D:1)
  3 bats
  4 frilled lizards
  6 kobolds
  3 rats
54 creatures vanquished.

Notes
Turn   | Place    | Note
-------+----------+-------------------------------------------
     0 | D:1      | bande the Gargoyle Fighter began the quest for the Orb.
     0 | D:1      | Reached XP level 1. HP: 14/14 MP: 1/1
   131 | D:1      | Found a faded altar of an unknown god.
   210 | D:1      | Reached XP level 2. HP: 15/19 MP: 2/2
   387 | D:1      | Gained mutation: Your muscles are strong. (Str +2) [potion
                  | of mutation]
   387 | D:1      | Gained mutation: You have an increased reservoir of magic.
                  | (+10% MP) [potion of mutation]
   660 | D:1      | Reached XP level 3. HP: 17/23 MP: 3/3
  1862 | D:2      | Reached XP level 4. HP: 28/29 MP: 4/4
  2375 | D:3      | Found a hide-covered altar of Uskayaw.
  2530 | D:3      | Slain by an orc priest

Illustrated notes

Levels and vault maps discovered:
D:1:      dpeg_arrival_houses_and_road, layout_rooms,
          chequers_ecumenical_altar_simple_redux, minmay_pentomino_x2
D:2:      layout_basic
D:3:      layout_loops_corners, mainiacjoe_overflow_24_doors, serial_park_tiny_2

Skill      XL: |  1  2  3  4 |
---------------+-------------+-----
Axes           | 2 3 |  3.0
Fighting       | |  3.8
Armour         | |  3.7
Dodging        | |  0.3
Shields        | |  3.6

Action                   |  1- 3 |  4- 6 || total
-------------------------+-------+-------++-------
Melee: War axe           |   106 |    36 ||   142
  Use: Scroll            |     4 |       ||     4
       Potion            |     1 |       ||     1
Armor: Scale mail        |    69 |    16 ||    85
Dodge: Dodged            |    65 |    10 ||    75
Block: Buckler           |    27 |     6 ||    33

Table legend: (Time is in decaauts)
 A = Elapsed time spent in this place.
 B = Non-inter-level travel time spent in this place.
 C = Inter-level travel time spent in this place.
 D = Time resting spent in this place.
 E = Time spent auto-exploring this place.
 F = Levels seen in this place.
 G = Mean time per level.
                   A        B        C        D        E       F      G
               +--------+--------+--------+--------+--------+-----+--------+
         Total |   2585 |   2566 |     19 |    266 |   1917 |   3 |  861.7 |
       Dungeon |   2585 |   2566 |     19 |    266 |   1917 |   3 |  861.7 |
               +--------+--------+--------+--------+--------+-----+--------+

Top non-repeatable levels by time:
     D:2: 1156 daAuts
     D:1: 1084 daAuts
     D:3: 344 daAuts
